 Dungeon Crawl Stone Soup version 0.26.1-11-gd32895ea62 (webtiles) character file.

Game seed: 13322855340601312585

5628 dtburroughs the Fighter (level 10, -2/91 HPs)
             Began as a Minotaur Berserker on June 13, 2021.
             Was an Elder of Trog.
             Slain by a shadow (5 damage)
             ... on level 9 of the Dungeon.
             The game lasted 00:18:49 (11052 turns).

dtburroughs the Fighter (Minotaur Berserker)       Turns: 11052, Time: 00:18:50

Health: -2/91      AC: 19    Str: 22    XL:     10   Next: 46%
Magic:  9/9        EV: 10    Int:  7    God:    Trog [****..]
Gold:   431        SH:  0    Dex: 10    Spells: 9/9 levels left

rFire    . . .     SeeInvis .   z - +3 dire flail (vorpal)
rCold    . . .     Faith    .   (shield currently unavailable)
rNeg     . . .     Spirit   .   s - +0 plate armour
rPois    +         Reflect  .   w - +1 hat
rElec    .         Harm     .   I - +0 cloak
rCorr    .         Rampage  .   F - +2 pair of gloves "Nuizoc" {Will+}
Will     +++..                  (no boots)
Stlth    ..........             g - amulet of magic regeneration
HPRegen  1.25/turn              q - ring of poison resistance
MPRegen  0.36/turn              (no ring)

@: regenerating (expiring)
A: retaliatory headbutt, horns 2
a: Renounce Religion, Berserk, Trog's Hand, Brothers in Arms


You were on level 9 of the Dungeon.
You worshipped Trog.
Trog was greatly pleased with you.
You visited 1 branch of the dungeon, and saw 9 of its levels.

You collected 431 gold pieces.

Inventory:

Hand Weapons
 a - a +0 hand axe
 v - a +0 war axe
 z - a +3 vorpal dire flail (weapon)
Armour
 b - a +0 buckler
 c - a +0 leather armour
 m - a +2 ring mail of positive energy
 s - a +0 plate armour (worn)
 w - a +1 hat (worn)
 C - +0 swamp dragon scales
 F - the +2 pair of gloves "Nuizoc" (worn) {Will+}
   (You found it on level 7 of the Dungeon)

   It affects your willpower, your defense against some magical effects.
 I - a +0 cloak (worn)
Jewellery
 g - an amulet of magic regeneration (around neck)
 q - a ring of poison resistance (left hand)
 r - a cursed amulet of inaccuracy {unknown}
 G - an uncursed ring of fire
 H - the amulet of Erocecyu {Reflect rElec MP-9 Str-2 SH+5 SInv, unknown}
   (You found it on level 8 of the Dungeon)

   [amulet of reflection]

   It shields you and reflects attacks.
   It affects your strength (-2).
   It insulates you from electricity.
   It affects your magic capacity (-9).
   It lets you see invisible.
   It affects your SH (+5).
Wands
 y - a wand of polymorph (12)
 D - a wand of flame (24)
 J - a wand of acid (10)
 K - a wand of random effects (24)
Scrolls
 d - a scroll of fear {unknown}
 h - 2 scrolls of enchant weapon {unknown}
 i - 8 scrolls of identify
 j - 6 scrolls of teleportation
 l - a scroll of enchant armour {unknown}
 n - 2 scrolls of magic mapping {unknown}
 t - 6 scrolls of remove curse {unknown}
 x - a scroll of random uselessness {unknown}
 A - a scroll of amnesia {unknown}
Potions
 e - 2 potions of flight
 f - 2 potions of curing
 k - 2 potions of berserk rage
 o - a potion of attraction {unknown}
 p - 4 potions of brilliance {unknown}
 u - a potion of cancellation {unknown}
 B - a potion of heal wounds {unknown}
 E - 2 potions of degeneration {unknown}


   Skills:
 + Level 9.6 Fighting
 + Level 9.5 Axes
 + Level 9.1 Armour
 + Level 8.4 Dodging
 + Level 4.4 Shields
 + Level 3.3 Evocations


You had 9 spell levels left.
You didn't know any spells.
Your spell library was empty.

Dungeon Overview and Level Annotations

Branches:
Dungeon (8/15)             Temple (0/1) D:5             Orc (0/2) D:9
   Lair: D:8-11

Altars:
Kikubaaqudgha
Makhleb
Okawaru
Ru
Sif Muna
Trog
Wu Jian
Xom

Shops:
D:5 *


Innate Abilities, Weirdness & Mutations

You reflexively headbutt those who attack you in melee.
You have a pair of horns on your head.


Message History

The troll zombie claws you but does no damage.
The troll zombie barely misses you.
The ogre zombie hits you but does no damage.
The shadow slips into darkness.
The shadow flickers and vanishes!
Deactivating autopickup; reactivate with Ctrl-A.
Your plate armour prevents you from hitting the troll zombie.
The troll zombie is severely damaged.
The troll zombie bites you but does no damage.
The troll zombie misses you. The troll zombie claws you!
* * * LOW HITPOINT WARNING * * *
The ogre zombie hits you but does no damage.
The shadow strikes at you from the darkness!
* * * LOW HITPOINT WARNING * * *
Reactivating autopickup.
You bludgeon the troll zombie!!
You destroy the troll zombie!
Trog accepts your kill. The shadow hits you.
You die...

#.######## ### #.#
#......Z.## ..#...#
#...##.###..##....#
# ..# #........#
###...####.####
..##.#..#Z.#
##.#..ZZ#Z#
....Z##WZ## ..#
#ZZ@#.# .#.
#..###.# .>... ..
##... ..# #.# .#. .
##Z. Z#


You could see a shadow, 6 orc zombies, an ogre zombie and a troll zombie.

Vanquished Creatures
  A skeletal warrior (D:8)
  A rime drake (D:6)
  2 shadows (D:9)
  Grum (D:8)
  Edmund (D:5)
  Duvessa (D:7)
  2 orc warriors (D:8)
  An ice beast (D:7)
  2 phantoms
  3 ogres
  2 sky beasts
  4 wolves
  5 centaurs
  2 bullfrogs
  A gnoll sergeant (D:8)
  Dowan (D:7)
  A wyvern skeleton (D:7)
  A scorpion (D:4)
  2 troll zombies (D:9)
  3 wights (D:7)
  2 howler monkeys (D:8)
  2 bullfrog zombies
  A centaur zombie (D:5)
  A quasit (D:8)
  8 hounds
  A centaur skeleton (D:7)
  3 orc priests
  Jessica (D:2)
  2 iguanas (D:8)
  5 orc wizards
  4 worker ants
  10 adders
  12 gnolls
  2 shadow imps
  2 white imps
  An ufetubus (D:5)
  An ooze (D:1)
  An adder skeleton (D:8)
  An adder zombie (D:8)
  3 worms
  2 dart slugs (D:2)
  5 leopard geckos
  13 orcs
  3 ball pythons
  7 giant cockroaches
  9 goblins
  7 hobgoblins
  4 jackals
  3 kobolds
  3 quokkas
  A ball python skeleton (D:5)
  13 bats
  4 frilled lizards
  A goblin skeleton (D:9)
  A goblin zombie (D:9)
  A hobgoblin zombie (D:9)
  A jackal zombie (D:6)
  3 leopard gecko skeletons
  An orc skeleton (D:9)
  An orc zombie (D:9)
  2 quokka skeletons (D:5)
  5 rats
190 creatures vanquished.

Vanquished Creatures (collateral kills)
  A boulder beetle (D:8)
  A centaur warrior (D:8)
2 creatures vanquished.

Vanquished Creatures (others)
  A scorpion (D:4)
  A hound (D:4)
  4 plants (D:8)
6 creatures vanquished.

Grand Total: 198 creatures vanquished

Notes
Turn   | Place    | Note
-------+----------+-------------------------------------------
     0 | D:1      | dtburroughs the Minotaur Berserker began the quest for the
                  | Orb.
     0 | D:1      | Reached XP level 1. HP: 19/19 MP: 0/0
   165 | D:1      | Reached XP level 2. HP: 22/27 MP: 1/1
   476 | D:1      | Reached ** piety under Trog
   532 | D:1      | Reached XP level 3. HP: 33/33 MP: 2/2
   754 | D:2      | Noticed Jessica
   769 | D:2      | Killed Jessica
   770 | D:2      | Reached XP level 4. HP: 28/41 MP: 3/3
  1125 | D:2      | Found a burning altar of Makhleb.
  1719 | D:3      | Reached *** piety under Trog
  1752 | D:3      | Reached XP level 5. HP: 38/47 MP: 4/4
  2237 | D:3      | Found an ornate altar of the Wu Jian Council.
  2573 | D:4      | Noticed a phantom
  2575 | D:4      | Found a shimmering altar of Xom.
  2587 | D:4      | Reached skill level 5 in Fighting
  2587 | D:4      | Reached skill level 5 in Axes
  2596 | D:4      | Killed a phantom
  2597 | D:4      | Reached XP level 6. HP: 27/56 MP: 5/5
  3615 | D:5      | Entered Level 5 of the Dungeon
  3620 | D:5      | Found a staircase to the Ecumenical Temple.
  3877 | D:5      | Reached skill level 5 in Armour
  3877 | D:5      | Reached XP level 7. HP: 62/62 MP: 6/6
  3912 | D:5      | Found a sacrificial altar of Ru.
  4320 | D:5      | Found a shimmering blue altar of Sif Muna.
  4519 | D:5      | Found a sacrificial altar of Ru.
  4611 | D:5      | Noticed Edmund
  4621 | D:5      | Killed Edmund
  4622 | D:5      | Reached skill level 5 in Dodging
  4734 | D:5      | Found Dodgh's Assorted Antiques.
  5538 | D:6      | Found an ancient bone altar of Kikubaaqudgha.
  5774 | D:6      | Reached XP level 8. HP: 39/71 MP: 7/7
  6291 | D:6      | Found an iron altar of Okawaru.
  6371 | D:6      | Reached **** piety under Trog
  6399 | D:6      | Found a bloodstained altar of Trog.
  6555 | D:6      | Noticed Maggie
  6566 | D:6      | Noticed Maggie
  6566 | D:6      | Maggie changed into Maggie the rime drake
  6575 | D:6      | Killed Maggie the rime drake
  7196 | D:7      | Reached XP level 9. HP: 63/81 MP: 8/8
  7322 | D:7      | Noticed Dowan
  7323 | D:7      | Noticed Duvessa
  7343 | D:7      | Killed Duvessa
  7358 | D:7      | Killed Dowan
  7512 | D:7      | Got a pair of warped gloves
  7519 | D:7      | Identified the +2 pair of gloves "Nuizoc" {Will+} (You
                  | found it on level 7 of the Dungeon)
  7914 | D:8      | Reached skill level 1 in Shields
  8116 | D:8      | Reached skill level 1 in Evocations
  8165 | D:8      | Noticed a centaur warrior
  8168 | D:8      | Noticed a boulder beetle
  8180 | D:8      | Killed a boulder beetle
  8184 | D:8      | Killed a centaur warrior
  8712 | D:8      | Reached XP level 10. HP: 34/91 MP: 9/9
  8753 | D:8      | Noticed a skeletal warrior
  8775 | D:8      | Noticed Grum
  9989 | D:8      | Killed a skeletal warrior
 10468 | D:8      | Got a clouded brass amulet
 10616 | D:8      | Killed Grum
 11010 | D:8      | You fall into a shaft and drop 1 floor!
 11020 | D:9      | Found a staircase to the Orcish Mines.
 11051 | D:9      | HP: 1/91 [something (18)]
 11052 | D:9      | Slain by a shadow

Illustrated notes

Levels and vault maps discovered:
D:1:      dpeg_arrival_simpleton_c, layout_rooms
D:2:      layout_basic, general_overflow_altar, minmay_misc_feat_rows,
          kennysheep_crisscross, grunt_ministairs_8,
          chequers_serial_rivers_small_3, uniq_jessica
D:3:      layout_rooms, pdpol_wu_jian_five_deadly_venoms
D:4:      layout_layer_cave, xom_confusion_cloud
D:5:      layout_basic, nicolae_ru_sacrificial_ziggurat, tgw_sif,
          minmay_temple_entry_slanted, basic_altar, cheibrodos_sewer_entry_bend,
          serial_shops, nicolae_shop_stone, uniq_edmund
D:6:      layout_basic, kiku_gazebo_pond_becter, okawaru_trees_1, trog_book,
          uniq_maggie
D:7:      layout_basic, uniq_duvessa
D:8:      kennysheep_six_static_rooms, layout_cave_pools,
          minmay_shattered_shrine, uniq_grum
D:9:      layout_layer_cave, zombieorc1_lemuel, basic_altar, special_room
          [special_room_bee], uniq_prince_ribbit1

Skill      XL: |  1  2  3  4  5  6  7  8  9 10 |
---------------+-------------------------------+-----
Axes           | 4 5 6 7 9 |  9.5
Fighting       | 4 5 6 7 9 |  9.6
Armour         | 3 4 5 6 7 8 9 |  9.1
Dodging        | 3 4 5 6 7 8 |  8.4
Shields        | 3 4 |  4.4
Evocations     | 2 3 |  3.3

Action                   |  1- 3 |  4- 6 |  7- 9 | 10-12 || total
-------------------------+-------+-------+-------+-------++-------
Melee: Hand axe          |    63 |    80 |       |       ||   143
       Headbutt          |     7 |    15 |    57 |    19 ||    98
       War axe           |       |    38 |   253 |    48 ||   339
       Dire flail        |       |       |       |    69 ||    69
Invok: Trog's Hand       |       |       |     5 |     4 ||     9
       Brothers in Arms  |       |       |     1 |       ||     1
       Berserk           |       |       |       |     1 ||     1
Evoke: Wand              |       |       |     2 |     2 ||     4
  Use: Scroll            |       |       |     3 |       ||     3
       Potion            |       |       |     2 |     1 ||     3
Armor: Leather armour    |    26 |    18 |       |       ||    44
       Plate armour      |       |    38 |   160 |    98 ||   296
Dodge: Dodged            |    64 |    78 |   120 |    71 ||   333
Block: Buckler           |       |       |     8 |    21 ||    29
